 Dungeon Crawl Stone Soup version 0.28-a0-1130-gc51a68064b (webtiles) character file.

Game seed: 3613003438440813789

307 fragbeetle the Changer (level 6, 0/46 HPs)
             Began as a Merfolk Transmuter on Dec 12, 2021.
             Was an Initiate of Makhleb.
             Slain by an iguana (9 damage)
             ... on level 4 of the Dungeon.
             The game lasted 00:16:35 (4987 turns).

fragbeetle the Changer (Merfolk Transmuter)         Turns: 4987, Time: 00:16:36

Health: 0/46       AC:  5    Str: 13    XL:     6   Next: 40%
Magic:  10/10      EV: 13    Int: 12    God:    Makhleb [......]
Gold:   163        SH:  0    Dex: 14    Spells: 0/10 levels left

rFire   . . .      SeeInvis .     - Unarmed
rCold   . . .      Faith    .   (no shield)
rNeg    . . .      Spirit   .   g - +0 robe
rPois   .          Reflect  .   i - +2 helmet
rElec   .          Harm     .   (no cloak)
rCorr   .          Rampage  .   (no gloves)
Will    .....                   (no boots)
Stlth   +.........              (no amulet)
HPRegen 0.15/turn               (no ring)
MPRegen 0.12/turn               (no ring)

@: no status effects
A: (nimble swimmer 2), mertail
a: Renounce Religion


You were on level 4 of the Dungeon.
You worshipped Makhleb.
Makhleb was noncommittal.
You visited 2 branches of the dungeon, and saw 5 of its levels.

You collected 163 gold pieces.

Inventory:

Hand Weapons
 e - a +2 hand axe of flaming
Missiles
 f - 178 stones
 q - 11 poisoned darts
Armour
 g - a +0 robe (worn)
 i - a +2 helmet (worn)
Scrolls
 a - a scroll of brand weapon {unknown}
 d - a scroll of identify
 h - a scroll of acquirement {unknown}
 j - a scroll of torment {unknown}
 m - a scroll of blinking {unknown}
 n - a scroll of silence {unknown}
 p - a scroll of fear {unknown}
Potions
 b - a potion of resistance {unknown}
 k - a potion of mutation {unknown}
 l - a potion of heal wounds {unknown}
 o - a potion of haste {unknown}
 r - a potion of invisibility {unknown}


   Skills:
 * Level 2.5 Fighting
 + Level 4.1 Dodging
 + Level 4.7 Unarmed Combat
 + Level 2.7 Spellcasting
 * Level 4.9 Transmutations
 * Level 0.2 Ice Magic
 * Level 1.4 Poison Magic


You couldn't memorise any spells.
You knew the following spells:

 Your Spells              Type           Power      Damage    Failure   Level
a - Beastly Appendage     Tmut           26%        N/A       3%          1
b - Wereblood             Tmut           13%        N/A       4%          2
c - Spider Form           Tmut/Pois      9%         N/A       21%         3
d - Ice Form              Ice/Tmut       7%         N/A       65%         4

Your spell library contained the following spells:

 Spells                   Type           Power      Damage    Failure   Level
 Corpse Rot               Necr/Air       2%         N/A       36%         2
 Ensorcelled Hibernation  Hex/Ice        2%         N/A       36%         2
 Tukima's Dance           Hex            1%         N/A       58%         3
 Dispel Undead            Necr           1%         3d6       94%         4
 Death Channel            Necr           0%         N/A       100%        6


Dungeon Overview and Level Annotations

Branches:
Dungeon (4/15)             Temple (1/1) D:4

Altars:
Ashenzari
Cheibriados
Dithmenos
Elyvilon
Fedhas
Gozag
Hepliaklqana
Kikubaaqudgha
Makhleb
Qazlal
Ru
Sif Muna
Trog
Uskayaw
Vehumet
Wu Jian
Xom
Zin
The Shining One

Annotations:
D:2 Sigmund


Innate Abilities, Weirdness & Mutations

((You are quick and stealthy near water. (Stealth+, EV+, Speed+++)))
Your lower body shifts to a powerful aquatic tail in water.


Message History

Your transformation is almost over.
The adder bites you.
You completely miss the adder.
The adder is severely wounded.
The adder bites you.
You hit the adder. Your headbutt misses the adder.
The adder is almost dead.
The adder bites you.
You miss the adder.
The adder is almost dead.
The adder bites you.
You are poisoned.
The adder poisons you! The adder barely misses you.
You hit the adder.
You kill the adder!
Makhleb accepts your kill.
You feel sick.
Okay, then.
You feel better. The iguana bites you!
* * * LOW HITPOINT WARNING * * *
You open the door. The iguana closely misses you.
Found 12 gold pieces.
Found a hand axe and 14 gold pieces.
There is an open door here.
You hit the iguana.
The iguana is moderately wounded.
Your horns disappear.
Your +2 helmet unmelds from your body.
The iguana barely misses you.
You hit the iguana.
The iguana is heavily wounded.
The iguana closely misses you.
You barely miss the iguana.
The iguana is heavily wounded.
The iguana bites you!
* * * LOW HITPOINT WARNING * * *
You feel better. The iguana misses you.
You closely miss the iguana. Your punch misses the iguana.
The iguana is heavily wounded.
The iguana bites you!
You die...

####........###.# #.########.....
#...............# #.......#######
#.####......#############.#......
#.####................###.#.#..#.
....###.#############.......#....
........#...'..##..######...##...
#.#.#####...#..........#.........
......# #..##..l...)...#..#.#####
#..#### #.. ####@####'##.........
#....####. #$)..#....##.##......
.......##. #..$$#....##.########
.......## ########..###.#
.......# #..##..#..# #.#
....[..## +......)..###.#
.......'# ##8..8##..##..#
.......## ##..##....#.## .......#
#..##....#.#


You could see an iguana.

Vanquished Creatures
  An ogre (D:4)
  A hound (D:4)
  A centaur skeleton (D:4)
  An iguana (D:4)
  Robin (D:2)
  5 adders
  An orc (D:3)
  11 ball pythons
  4 endoplasms
  6 giant cockroaches
  12 goblins
  5 hobgoblins
  3 quokkas
  8 bats
  4 frilled lizards
  7 kobolds
  4 rats
75 creatures vanquished.

Vanquished Creatures (others)
  2 fungi (D:1)
  2 plants (D:1)
4 creatures vanquished.

Grand Total: 79 creatures vanquished

Notes
Turn   | Place    | Note
-------+----------+-------------------------------------------
     0 | D:1      | fragbeetle the Merfolk Transmuter began the quest for the
                  | Orb.
     0 | D:1      | Reached XP level 1. HP: 15/15 MP: 3/3
   305 | D:1      | Reached XP level 2. HP: 17/21 MP: 3/5
   682 | D:1      | Learned a level 2 spell: Wereblood
  1128 | D:1      | Found a faded altar of an unknown god.
  1142 | D:1      | Reached XP level 3. HP: 25/26 MP: 4/6
  1557 | D:2      | Noticed Robin
  1898 | D:1      | Learned a level 3 spell: Spider Form
  1917 | D:2      | Killed Robin
  2175 | D:2      | Reached XP level 4. HP: 27/33 MP: 4/7
  2598 | D:2      | Noticed Sigmund
  3097 | D:3      | Found a hazy altar of Hepliaklqana.
  3099 | D:3      | Found a bloodstained altar of Trog.
  3172 | D:3      | Found a shimmering blue altar of Sif Muna.
  3215 | D:3      | Found a sacrificial altar of Ru.
  3266 | D:3      | Found a broken altar of Ashenzari.
  3268 | D:3      | Found a shimmering altar of Xom.
  3829 | D:4      | Found a staircase to the Ecumenical Temple.
  3838 | Temple   | Entered the Ecumenical Temple
  3877 | Temple   | Became a worshipper of Makhleb the Destroyer
  4014 | D:4      | Reached XP level 5. HP: 32/38 MP: 6/8
  4565 | D:4      | Noticed an ogre
  4655 | D:4      | Killed an ogre
  4656 | D:4      | Reached skill level 1 in Poison Magic
  4656 | D:4      | Reached XP level 6. HP: 46/46 MP: 5/10
  4736 | D:4      | Learned a level 4 spell: Ice Form
  4985 | D:4      | HP: 1/46 [iguana (11)]
  4987 | D:4      | Slain by an iguana

Illustrated notes

Levels and vault maps discovered:
D:1:      dpeg_arrival_central, layout_basic, dreamdust_ecumenical_altar_grove
D:2:      layout_loops_cross, hex_medium, minmay_misc_feat_iff,
          hangedman_decor_opposing, grunt_ministairs_1,
          chequers_serial_rivers_large_a, uniq_robin, uniq_sigmund
D:3:      layout_basic, mainiacjoe_overflow_surrounded_room,
          nicolae_ru_sacrificial_ziggurat, nicolae_overflow_hidden_temple,
          chequers_serial_rivers_micro_a, serial_park_tiny_1
D:4:      minmay_chambers_of_twos, layout_basic, minmay_temple_entry_nine_rooms
Temple:   nicolae_temple_god_jail

Skill      XL: |  1  2  3  4  5 |
---------------+----------------+-----
Transmutations | 3 4 |  4.9
Dodging        | 3 4 |  4.1
Unarmed Combat | 4 |  4.7
Fighting       | 2 |  2.5
Poison Magic   | 1 |  1.4
Spellcasting   | |  2.7
Ice Magic      | |  0.2

Action                   |  1- 3 |  4- 6 || total
-------------------------+-------+-------++-------
Melee: Unarmed           |   129 |   138 ||   267
       Headbutt          |    12 |    14 ||    26
       Punch             |     1 |     1 ||     2
 Cast: Beastly Appendage |    25 |    28 ||    53
       Spider Form       |       |     2 ||     2
       Wereblood         |       |     2 ||     2
  Use: Scroll            |       |     1 ||     1
       Potion            |       |     3 ||     3
Armor: Robe              |    37 |    19 ||    56
Dodge: Dodged            |   110 |    88 ||   198

Table legend: (Time is in decaauts)
 A = Elapsed time spent in this place.
 B = Non-inter-level travel time spent in this place.
 C = Inter-level travel time spent in this place.
 D = Time resting spent in this place.
 E = Time spent auto-exploring this place.
 F = Levels seen in this place.
 G = Mean time per level.
                   A        B        C        D        E       F      G
               +--------+--------+--------+--------+--------+-----+--------+
         Total |   4957 |   4857 |    100 |   1111 |   1657 |   5 |  991.4 |
       Dungeon |   4887 |   4787 |    100 |   1111 |   1633 |   4 | 1221.8 |
        Temple |     69 |     69 |      0 |      0 |     24 |   1 |   69.0 |
               +--------+--------+--------+--------+--------+-----+--------+

Top non-repeatable levels by time:
     D:1: 1980 daAuts
     D:4: 1097 daAuts
     D:3: 1021 daAuts
     D:2: 789 daAuts
  Temple: 69 daAuts
